[Event "Titled Tuesday Blitz August 24 2021"]
[White "Molina, Roberto Junio Brito"]
[Black "Harshavardhan G B"]
[WhiteFideId "2109450"]
[BlackFideId "25059009"]
[WhiteElo "2402"]
[BlackElo "1825"]
[Result "1-0"]
[Round "05"]
[TimeControl "180+1"]
[Date "2021.08.24"]
[WhiteClock "0:00:10"]
[BlackClock "0:00:29"]

1. d4 Nf6 2. c4 e5 3. dxe5 Ng4 4. Bf4 Nc6 5. Nf3 Bb4+ 6. Nbd2 Qe7 7. e3 Ngxe5 8. Nxe5 Nxe5 9. a3 Bd6 10. Ne4 Nxc4 11. Nxd6+ Nxd6 12. Bxd6 Qxd6 13. Qxd6 cxd6 14. O-O-O Ke7 15. Be2 b6 16. Bf3 Rb8 17. Rd4 Bb7 18. Bxb7 Rxb7 19. Rc4 Kd8 20. Kd2 Rc7 21. Rxc7 Kxc7 22. Rc1+ Kb7 23. Kd3 Re8 24. Kd4 Re5 25. b4 a5 26. f4 Rh5 27. h3 axb4 28. axb4 Rb5 29. Rb1 Kc6 30. e4 Rh5 31. Rc1+ Kb7 32. Rc3 Rh6 33. Kd5 Re6 34. b5 g6 35. g4 Re8 36. Rc4 Re6 37. f5 gxf5 38. exf5 Re5+ 39. Kxd6 Rxb5 40. Rc7+ Ka6 41. Rxd7 Rb3 42. Rxf7 Rxh3 43. Ke5 b5 44. f6 b4 45. Rf8 Kb7 46. Rd8 b3 47. Rd2 Rf3 48. Ke6 h6 49. f7 Kc6 50. Ke7 Re3+ 51. Kf6 Rf3+ 52. Kg7 Kc5 53. f8=Q+ Rxf8 54. Kxf8 Kc4 55. Kg7 Kc3 56. Rh2 b2 57. Rxb2 Kxb2 58. Kxh6 Kb1 59. g5 Kc2 60. g6 Kd3 61. Kg5 Ke4 62. Kf6 Kd5 63. g7 Ke4 64. g8=Q Kf3 65. Qe6 Kf4 66. Qe5+ Kg4 67. Ke6 Kh3 68. Kd5 Kh4 69. Qg7 Kh5 70. Ke4 Kh4 71. Kf4 Kh5 72. Qg4+ Kh6 73. Kf5 Kh7 74. Ke6 Kh8 75. Kf7 Kh7 76. Qg7# 1-0


[Site "https://www.chess.com"]

[Event "Titled Tuesday Blitz August 24 2021"]
[White "Moon_stone123"]
[Black "Aldokhin, Ivan"]
[BlackFideId "24115720"]
[WhiteElo "2426"]
[BlackElo "2306"]
[Result "1/2-1/2"]
[Round "05"]
[TimeControl "180+1"]
[Date "2021.08.24"]
[WhiteClock "0:00:19"]
[BlackClock "0:00:09"]

1. Nf3 Nf6 2. g3 g6 3. Bg2 Bg7 4. O-O O-O 5. c4 d5 6. cxd5 Nxd5 7. Nc3 Nxc3 8. dxc3 Nc6 9. Bg5 h6 10. Be3 e5 11. Qb3 Rb8 12. Bc5 Re8 13. Rad1 Qf6 14. Nd2 Be6 15. Qc2 g5 16. e4 Red8 17. Be3 a5 18. a4 b6 19. Nb1 h5 20. Qe2 h4 21. Qh5 Rxd1 22. Rxd1 hxg3 23. fxg3 g4 24. Rf1 Qg6 25. Qxg6 fxg6 26. Nd2 b5 27. axb5 Rxb5 28. Rb1 Bf8 29. Bf1 Rb8 30. Bc4 Kf7 31. Kf2 Bxc4 32. Nxc4 Ke6 33. Ke2 Be7 34. Rf1 Rb5 35. Ra1 Bf8 36. Rf1 Be7 37. Ra1 Kd7 38. Rd1+ Ke6 39. Ra1 1/2-1/2


[Site "https://www.chess.com"]

[Event "Titled Tuesday Blitz August 24 2021"]
[White "Moroni, Luca Jr"]
[Black "Sevian, Samuel"]
[WhiteFideId "865834"]
[BlackFideId "2040506"]
[WhiteElo "2491"]
[BlackElo "2993"]
[Result "0-1"]
[Round "05"]
[TimeControl "180+1"]
[Date "2021.08.24"]
[WhiteClock "0:00:05"]
[BlackClock "0:00:14"]

1. d4 Nf6 2. c4 g6 3. Nc3 Bg7 4. e4 d6 5. Bd3 Nfd7 6. Nge2 Nc6 7. Bc2 e5 8. d5 Nd4 9. Nxd4 exd4 10. Nb5 Ne5 11. Nxd4 Nxc4 12. O-O O-O 13. Rb1 Qf6 14. Nb5 Bd7 15. a4 a6 16. Na3 Ne5 17. b3 b5 18. h3 g5 19. f4 gxf4 20. Bxf4 Qg6 21. Kh2 Kh8 22. Qe2 Rg8 23. axb5 axb5 24. Nxb5 Bxb5 25. Qxb5 Ra2 26. Qe2 c5 27. Kh1 Rga8 28. Rbc1 Rb2 29. Rb1 Rba2 30. Rbc1 Bf6 31. Qe3 Rb2 32. Qg3 Raa2 33. Qxg6 hxg6 34. Bb1 Ra1 35. Bc2 Raa2 36. Bb1 Ra7 37. Bc2 Kg7 38. Bg3 Raa2 39. Bb1 Ra3 40. Bc2 Bg5 41. Bf4 Bxf4 42. Rxf4 Raa2 43. Bb1 Ra1 44. Rff1 Rxb3 45. Bc2 Rxc1 46. Rxc1 Rc3 47. Kg1 c4 48. Kf1 Nd3 0-1


[Site "https://www.chess.com"]

[Event "Titled Tuesday Blitz August 24 2021"]
[White "Nazaretyan, Tigran"]
[Black "Ibarra Jerez, Jose Carlos"]
[WhiteFideId "24162345"]
[BlackFideId "2226332"]
[WhiteElo "2167"]
[BlackElo "2602"]
[Result "1-0"]
[Round "05"]
[TimeControl "180+1"]
[Date "2021.08.24"]
[WhiteClock "0:00:05"]
[BlackClock "0:00:02"]

1. d4 Nf6 2. c4 d6 3. Nf3 g6 4. Nc3 Bf5 5. Ng5 Bd7 6. e4 e5 7. Nf3 exd4 8. Nxd4 Bg7 9. Be2 O-O 10. O-O Re8 11. f3 Nc6 12. Nc2 Nh5 13. g4 Nf6 14. Bg5 Qc8 15. Qd2 Be6 16. Rac1 Nd7 17. b4 a5 18. b5 Nce5 19. Nd5 f6 20. Bh4 c6 21. Nde3 Nc5 22. Nd4 Bf7 23. bxc6 bxc6 24. Rb1 Qa6 25. Qc2 Rab8 26. Rfd1 Bh6 27. Bf2 a4 28. Qc3 Bxe3 29. Bxe3 Bxc4 30. Bxc4+ Qxc4 31. Qxc4+ Nxc4 32. Bf2 Ne5 33. Kg2 Ncd3 34. Bg1 c5 35. Nb5 Rb6 36. Nc3 Reb8 37. Kg3 g5 38. Be3 Rb2 39. Rxb2 Rxb2 40. Nd5 Kf7 41. f4 gxf4+ 42. Nxf4 Nxf4 43. Bxf4 Ke6 44. Rd2 a3 45. h4 Nc4 46. Rf2 Ne5 47. g5 Nd3 48. Rf3 Nxf4 49. Rxf4 fxg5 50. hxg5 Rxa2 51. Rf6+ Ke5 52. Rh6 Rb2 53. Rxh7 a2 54. Ra7 Kxe4 55. g6 Kf5 56. g7 Rb8 57. Rf7+ Kg6 58. Rf8 Rb2 59. g8=Q+ Kh6 60. Rf6+ Kh5 61. Qg6# 1-0


[Site "https://www.chess.com"]

[Event "Titled Tuesday Blitz August 24 2021"]
[White "Nesterov, Arseniy"]
[Black "Nakamura, Hikaru"]
[WhiteFideId "24198455"]
[BlackFideId "2016192"]
[WhiteElo "2477"]
[BlackElo "2900"]
[Result "0-1"]
[Round "05"]
[TimeControl "180+1"]
[Date "2021.08.24"]
[WhiteClock "0:00:09"]
[BlackClock "0:01:54"]

1. d4 g6 2. e4 Bg7 3. Nf3 a6 4. a4 c6 5. Bd3 d5 6. O-O Bg4 7. c3 Nd7 8. exd5 cxd5 9. Nbd2 e6 10. h3 Bxf3 11. Nxf3 Qc7 12. Bd2 Ne7 13. b3 O-O 14. c4 Nc6 15. Rc1 Rac8 16. Be3 dxc4 17. bxc4 Rfd8 18. Qb3 e5 19. d5 Nd4 20. Nxd4 exd4 21. Bg5 Re8 22. Qc2 Nc5 23. Rfe1 Be5 24. Re2 Bh2+ 25. Kf1 Bf4 26. Bxf4 Qxf4 27. Rxe8+ Rxe8 28. Re1 Rxe1+ 29. Kxe1 a5 30. Ke2 Qe5+ 31. Kf1 Qe8 32. g3 Qxa4 33. Qb1 Qb3 34. Qxb3 Nxb3 35. d6 Kf8 36. Ke2 Nc5 37. Bc2 Ke8 0-1


[Site "https://www.chess.com"]

[Event "Titled Tuesday Blitz August 24 2021"]
[White "Nozdrachev, Leonid"]
[Black "Anuj Shrivatri"]
[WhiteFideId "24113433"]
[BlackFideId "35070924"]
[WhiteElo "2240"]
[BlackElo "2038"]
[Result "0-1"]
[Round "05"]
[TimeControl "180+1"]
[Date "2021.08.24"]
[WhiteClock "0:00:02"]
[BlackClock "0:01:08"]

1. e4 d6 2. d4 Nf6 3. Nc3 g6 4. Be3 a6 5. h3 b5 6. e5 Nfd7 7. Qf3 Nb6 8. Bd3 N8d7 9. e6 fxe6 10. Nge2 Nf6 11. Nf4 Bg7 12. Nxg6 hxg6 13. Bxg6+ Kd7 14. O-O-O Nbd5 15. Ne4 Bb7 16. Ng5 Rf8 17. Bf7 Rxf7 18. Nxf7 Qe8 19. Ng5 Qg6 20. Qe2 Nxe3 21. Qxe3 Nd5 22. Qd2 Rf8 23. h4 Nf4 24. Rde1 Bh6 25. g3 Bxh1 26. gxf4 Bd5 27. Qa5 Qf5 28. Qxa6 Qxf4+ 29. Kb1 Rb8 30. Qa7 Ra8 31. Nxe6 Rxa7 32. Nxf4 Bxf4 0-1


[Site "https://www.chess.com"]

[Event "Titled Tuesday Blitz August 24 2021"]
[White "Odegov, Artem"]
[Black "Cunjalo, Faris"]
[WhiteFideId "34183644"]
[BlackFideId "14410710"]
[WhiteElo "2257"]
[BlackElo "2234"]
[Result "0-1"]
[Round "05"]
[TimeControl "180+1"]
[Date "2021.08.24"]
[WhiteClock "0:00:03"]
[BlackClock "0:01:09"]

1. d4 Nf6 2. c4 e6 3. Nf3 d5 4. Nc3 Bb4 5. Bg5 h6 6. Bxf6 Qxf6 7. e3 O-O 8. Qc2 c6 9. Be2 dxc4 10. Bxc4 Nd7 11. O-O Qe7 12. Rad1 Rd8 13. Ne4 Ba5 14. a3 Bc7 15. b4 a5 16. Qb2 Nb6 17. Be2 axb4 18. axb4 Nd5 19. b5 Bd7 20. Nc5 Rdb8 21. Ra1 Rxa1 22. Rxa1 cxb5 23. Bxb5 Bxb5 24. Qxb5 b6 25. Na6 Ra8 26. Rc1 Bd6 27. e4 Nf4 28. g3 Qb7 29. gxf4 Rxa6 30. Rc6 Bxf4 31. d5 exd5 32. Qxd5 Ra8 33. Kg2 Rb8 34. Nd4 b5 35. Nf5 b4 36. Qd4 f6 37. Qc4+ Qf7 38. Rc8+ Rxc8 39. Qxc8+ Kh7 40. Qb7 Qxb7 0-1


[Site "https://www.chess.com"]

[Event "Titled Tuesday Blitz August 24 2021"]
[White "Pacheco Lugo, Alejandro Jose"]
[Black "Escalante Ramirez, Brian Sebasti"]
[WhiteFideId "3903745"]
[BlackFideId "3819566"]
[WhiteElo "2125"]
[BlackElo "2214"]
[Result "0-1"]
[Round "05"]
[TimeControl "180+1"]
[Date "2021.08.24"]
[WhiteClock "0:00:01"]
[BlackClock "0:01:28"]

1. e4 Nf6 2. e5 Nd5 3. c4 Nb6 4. d4 d6 5. exd6 cxd6 6. Nc3 g6 7. h3 Bg7 8. Nf3 O-O 9. Be2 Nc6 10. O-O Bf5 11. Re1 Rc8 12. Bf1 e5 13. Bg5 Qd7 14. dxe5 dxe5 15. c5 Qxd1 16. Raxd1 Nd7 17. Nb5 Nxc5 18. Nd6 Rc7 19. Nxf5 gxf5 20. Nh4 Nd4 21. Be3 Nce6 22. Bd3 f4 23. Bd2 Rd8 24. Bc3 Bf8 25. Rxe5 Bg7 26. Ree1 Rcd7 27. Ra1 a6 28. Kh1 b5 29. Nf5 Nxf5 30. Bxf5 Bxc3 31. bxc3 Rd6 32. a4 Rc8 33. axb5 axb5 34. Rab1 Rc5 35. Bg4 h5 36. Bf3 Kg7 37. Rb4 h4 38. Reb1 Rxc3 39. Rxb5 Rd2 40. R5b2 Rcc2 41. Rxc2 Rxc2 42. Kg1 Ng5 43. Bg4 Rc4 44. Rb6 Rc1+ 45. Kh2 Rc2 46. Kg1 Rc1+ 47. Kh2 Rf1 48. Rb2 Ne4 49. g3 Rxf2+ 50. Rxf2 fxg3+ 51. Kg2 Nxf2 52. Bf5 Kf6 53. Bc8 Kg5 54. Kf3 f5 55. Kg2 Kf4 56. Bd7 Nd3 57. Bc8 Ne1+ 58. Kf1 Nf3 59. Kg2 Nd4 60. Bd7 Ke3 0-1


[Site "https://www.chess.com"]

[Event "Titled Tuesday Blitz August 24 2021"]
[White "Pakleza, Zbigniew"]
[Black "Terry, Renato"]
[WhiteFideId "1119290"]
[BlackFideId "3803457"]
[WhiteElo "2526"]
[BlackElo "2581"]
[Result "0-1"]
[Round "05"]
[TimeControl "180+1"]
[Date "2021.08.24"]
[WhiteClock "0:00:21"]
[BlackClock "0:00:54"]

1. Nf3 Nf6 2. c4 b6 3. g3 Bb7 4. Bg2 g6 5. O-O Bg7 6. Nc3 O-O 7. d4 Ne4 8. Qc2 Nxc3 9. Qxc3 c5 10. e3 Nc6 11. Rd1 cxd4 12. exd4 d5 13. cxd5 Nb8 14. Bf4 Bxd5 15. Rac1 Nc6 16. Ne5 Bxg2 17. Kxg2 Qd5+ 18. Qf3 Nb4 19. Rc7 Qxf3+ 20. Kxf3 Nd5 21. Rb7 Rfc8 22. Rd2 f6 23. Nd3 g5 24. Be3 Kf7 25. g4 Ke6 26. Re2 Kd6 27. Bd2 Kc6 28. Rbxe7 Nxe7 29. Rxe7 Rc7 30. Re6+ Kd5 31. Re4 a5 32. Bc3 Bf8 33. Ke3 Bd6 34. h3 Re7 35. f3 Rae8 36. Nf2 Bg3 37. Rxe7 Bxf2+ 38. Kxf2 Rxe7 0-1


[Site "https://www.chess.com"]

[Event "Titled Tuesday Blitz August 24 2021"]
[White "Papasimakopoulos, Alexandros"]
[Black "Ivanchuk, Vasyl"]
[WhiteFideId "4244125"]
[BlackFideId "14100010"]
[WhiteElo "2352"]
[BlackElo "2710"]
[Result "1-0"]
[Round "05"]
[TimeControl "180+1"]
[Date "2021.08.24"]
[WhiteClock "0:00:06"]
[BlackClock "0:00:18"]

1. d4 Nf6 2. c4 e6 3. Nc3 Bb4 4. Qc2 O-O 5. a3 Bxc3+ 6. Qxc3 b6 7. Bg5 Bb7 8. f3 h6 9. Bh4 d5 10. e3 Nbd7 11. cxd5 Nxd5 12. Bxd8 Nxc3 13. Bh4 Nd5 14. Bf2 Ne7 15. Ne2 c5 16. e4 Rac8 17. Nc3 cxd4 18. Bxd4 Nc6 19. Be3 Nde5 20. f4 Ng4 21. Bg1 Rfd8 22. Be2 Nf6 23. e5 Nd5 24. Nxd5 Rxd5 25. Bf3 Rdd8 26. Be3 Na5 27. Bxb7 Nxb7 28. Rc1 Rxc1+ 29. Bxc1 Rc8 30. Kd1 Nc5 31. Kc2 Ne4+ 32. Kb3 Kf8 33. Be3 Ke7 34. Rd1 Nc5+ 35. Kb4 Nd7 36. Kb5 Rc2 37. Rd2 Rc7 38. Rd1 Rc2 39. Rd2 Rc7 40. a4 Kd8 41. b4 Kc8 42. Rd1 Kb7 43. a5 a6+ 44. Ka4 b5+ 45. Kb3 Rc4 46. Rxd7+ Kc6 47. Rxf7 Kd5 48. Rxg7 Ke4 49. Bc5 Kxf4 50. Ra7 Kxe5 51. Rxa6 Re4 52. Rd6 Re2 53. a6 Rxg2 54. Rd8 Rxh2 55. Bd6+ 1-0


[Site "https://www.chess.com"]

[Event "Titled Tuesday Blitz August 24 2021"]
[White "Paravyan, David"]
[Black "Stribuk, Artiom"]
[WhiteFideId "4194985"]
[BlackFideId "13515659"]
[WhiteElo "2562"]
[BlackElo "2224"]
[Result "1-0"]
[Round "05"]
[TimeControl "180+1"]
[Date "2021.08.24"]
[WhiteClock "0:00:39"]
[BlackClock "0:00:03"]

1. e4 c5 2. Nf3 Nc6 3. Nc3 Nf6 4. Bb5 Nd4 5. e5 Nxb5 6. Nxb5 Nd5 7. c4 Nc7 8. a4 Nxb5 9. axb5 e6 10. d4 cxd4 11. Qxd4 Bb4+ 12. Bd2 Bxd2+ 13. Nxd2 O-O 14. O-O b6 15. Qe4 d5 16. exd6 Bd7 17. b4 Qf6 18. Qe3 h6 19. Ne4 Qb2 20. Rfb1 Qe5 21. c5 Bxb5 22. Nc3 Qxe3 23. fxe3 Bd7 24. Rc1 Rfc8 25. Ne2 bxc5 26. bxc5 e5 27. Ra5 Bc6 28. Rb1 f6 29. Nc3 Kf7 30. e4 Ke6 31. g4 a6 32. Rb6 Kd7 33. Kf2 Ra7 34. Ke3 Rb7 35. Raxa6 Rxb6 36. Rxb6 Ra8 37. Kd3 Ra3 38. Rb2 Ra1 39. Ra2 Rc1 40. Ra7+ Kd8 41. Rxg7 Rh1 42. Nd5 Rxh2 43. Nxf6 Rh3+ 44. Kd2 Rh2+ 45. Ke3 Rh3+ 46. Kf2 Kc8 47. Rg8+ Kb7 48. d7 Bxd7 49. Nxd7 Kc6 50. Nxe5+ Kxc5 51. Nf3 Rh1 52. Rg6 Ra1 53. Rxh6 Ra2+ 54. Kg3 Ra4 55. Kf4 1-0


[Site "https://www.chess.com"]

[Event "Titled Tuesday Blitz August 24 2021"]
[White "Pelopidass"]
[Black "Bryakin, Mikhail"]
[BlackFideId "4165314"]
[WhiteElo "2559"]
[BlackElo "2336"]
[Result "0-1"]
[Round "05"]
[TimeControl "180+1"]
[Date "2021.08.24"]
[WhiteClock "0:00:04"]
[BlackClock "0:00:07"]

1. e4 c5 2. b4 b6 3. bxc5 bxc5 4. Bc4 Nc6 5. Nf3 g6 6. Bb2 Nf6 7. e5 Nh5 8. Ng5 e6 9. Ne4 Be7 10. Qf3 O-O 11. g4 Ng7 12. Nf6+ Bxf6 13. exf6 Ne8 14. g5 d5 15. Be2 h5 16. Qh3 e5 17. Qh4 Bf5 18. Bxh5 gxh5 19. Qxh5 Bg6 20. Qh6 Nxf6 21. gxf6 Qxf6 22. Nc3 Rad8 23. h4 Qg7 24. Qxg7+ Kxg7 25. O-O-O Nd4 26. d3 Kh8 27. h5 Bh7 28. Rde1 f6 29. Ne2 Nf3 30. Ref1 c4 31. dxc4 Rc8 32. Rh3 Rxc4 33. Nc3 Ng5 34. Rg3 d4 35. Nd5 Rxc2+ 36. Kd1 Rxb2 37. f4 Rb1+ 38. Ke2 Rxf1 39. Kxf1 Ne6 40. Ne7 Nxf4 41. h6 Re8 42. Rg7 Ne6 43. Rf7 Ng5 44. Rg7 d3 45. Ke1 e4 46. Kd2 Nf3+ 47. Ke3 d2 48. Ke2 Rd8 49. Nc6 d1=Q+ 0-1


[Site "https://www.chess.com"]

[Event "Titled Tuesday Blitz August 24 2021"]
[White "Pham, Le Thao Nguyen"]
[Black "Leitao, Rafael"]
[WhiteFideId "12401226"]
[BlackFideId "2101246"]
[WhiteElo "2286"]
[BlackElo "2609"]
[Result "0-1"]
[Round "05"]
[TimeControl "180+1"]
[Date "2021.08.24"]
[WhiteClock "0:00:03"]
[BlackClock "0:00:12"]

1. d4 Nf6 2. Nf3 e6 3. Bf4 c5 4. e3 d5 5. c3 Nc6 6. Nbd2 Bd6 7. Bg3 O-O 8. Bd3 b6 9. e4 Be7 10. e5 Nd7 11. a3 f5 12. exf6 Bxf6 13. Bb5 Bb7 14. O-O Re8 15. Re1 cxd4 16. Bxc6 Bxc6 17. Nxd4 Bxd4 18. cxd4 Rc8 19. Nf3 Qf6 20. Ne5 Nf8 21. Qg4 Qf5 22. Qxf5 exf5 23. Rac1 Bb7 24. Nd3 Rxc1 25. Rxc1 Rc8 26. Rxc8 Bxc8 27. Be5 Ne6 28. f4 a5 29. Kf2 Ba6 30. Ne1 g6 31. Nc2 Bd3 32. Ne3 Be4 33. g3 Kf7 34. Ke1 Ke8 35. Kd2 Kd7 36. Kc3 Kc6 37. a4 b5 38. axb5+ Kxb5 39. Kb3 a4+ 40. Kc3 Ka5 41. Kd2 Kb4 42. Kc1 Kb3 43. Nf1 Kc4 44. Kd2 Nxd4 45. Ne3+ Kc5 46. Bxd4+ Kxd4 47. Nd1 Kc5 48. Nc3 Kb4 49. Ke3 Kc4 50. Nxa4 d4+ 51. Kd2 Kb5 52. b3 Kb4 53. Nb6 Kxb3 54. Nd7 Kc4 55. Ne5+ Kd5 56. Nf7 Bb1 57. Ng5 h6 58. Nf7 Ke4 59. Nxh6 Kf3 60. Nf7 Kg2 61. Ne5 Kxh2 62. Nxg6 Kxg3 63. Ne5 Kxf4 64. Nc6 Ke4 65. Ne7 f4 66. Ng6 f3 67. Nh4 Kf4 68. Ng6+ Kg3 69. Ne5 f2 70. Ke2 Kg2 0-1


[Site "https://www.chess.com"]

[Event "Titled Tuesday Blitz August 24 2021"]
[White "Polivanov, Anatoliy"]
[Black "Ponikarovsky, Alexey"]
[WhiteFideId "14109468"]
[BlackFideId "4122887"]
[WhiteElo "2472"]
[BlackElo "1944"]
[Result "0-1"]
[Round "05"]
[TimeControl "180+1"]
[Date "2021.08.24"]
[WhiteClock "0:01:33"]
[BlackClock "0:02:02"]

1. d4 d5 2. Bg5 Nf6 3. e3 e6 4. Nf3 Bb4+ 5. c3 Be7 6. Nbd2 Ne4 7. Bxe7 Qxe7 8. Nxe4 dxe4 9. Nd2 f5 10. f3 exf3 11. Nxf3 O-O 12. Bd3 b6 13. e4 Bb7 14. Qe2 f4 15. O-O Nd7 16. Rae1 c5 17. e5 cxd4 18. cxd4 g6 19. Be4 Rab8 20. Bxb7 Rxb7 21. Qe4 Rc7 22. Rc1 Nb8 23. d5 Rxc1 24. Rxc1 Qb7 25. Nd4 Qxd5 26. Qxd5 exd5 27. e6 Re8 28. Rc7 Na6 29. e7 Nxc7 0-1


[Site "https://www.chess.com"]

[Event "Titled Tuesday Blitz August 24 2021"]
[White "Praggnanandhaa R"]
[Black "Ovetchkin, Roman"]
[WhiteFideId "25059530"]
[BlackFideId "4119991"]
[WhiteElo "2555"]
[BlackElo "2432"]
[Result "1/2-1/2"]
[Round "05"]
[TimeControl "180+1"]
[Date "2021.08.24"]
[WhiteClock "0:00:02"]
[BlackClock "0:00:04"]

1. Nf3 Nf6 2. b3 g6 3. Bb2 Bg7 4. e3 O-O 5. c4 c6 6. Nc3 d5 7. d4 Bg4 8. Be2 Bxf3 9. Bxf3 e6 10. O-O a5 11. Be2 Na6 12. a3 Re8 13. Qc2 Qe7 14. Bd3 Nc7 15. Na4 Nd7 16. e4 dxe4 17. Bxe4 Red8 18. Rad1 Ne8 19. Rfe1 Nd6 20. Bd3 Qg5 21. Bf1 Rac8 22. Nc3 Nf6 23. Bc1 Qh5 24. Be2 Qh4 25. g3 Qh3 26. Bf1 Qh5 27. h4 Qg4 28. Kh2 Nf5 29. Ne2 Nxh4 30. gxh4 Qxh4+ 31. Kg2 Ng4 32. Ng3 Qh2+ 33. Kf3 h5 34. Re4 f5 35. Rxe6 h4 36. Bf4 hxg3 37. Bxg3 Qh5 38. Kg2 Rxd4 39. Rxd4 Bxd4 40. Be2 Kf7 41. Rd6 Bf6 42. Rd7+ Kg8 43. Qd3 Re8 44. Bf3 Qg5 45. Qd6 Ne5 46. Rxb7 Nxf3 47. Kxf3 Qg4+ 48. Kg2 Qe4+ 49. Kh2 Qe6 50. Qc7 g5 51. Qh7+ Kf8 52. Qh6+ Kg8 53. Qg6+ Kf8 54. Rh7 f4 55. Qh6+ Kg8 56. Qg6+ Kf8 57. Bxf4 gxf4 58. Qh6+ Kg8 59. Qg6+ Kf8 60. b4 f3 61. Qh6+ Kg8 62. Qg6+ Kf8 63. Qh6+ Kg8 64. Qg6+ Kf8 1/2-1/2


[Site "https://www.chess.com"]

[Event "Titled Tuesday Blitz August 24 2021"]
[White "Purtseladze, Maka"]
[Black "Bologan, Victor"]
[WhiteFideId "13602659"]
[BlackFideId "13900048"]
[WhiteElo "2178"]
[BlackElo "2511"]
[Result "1-0"]
[Round "05"]
[TimeControl "180+1"]
[Date "2021.08.24"]
[WhiteClock "0:00:41"]
[BlackClock "0:00:50"]

1. d4 Nf6 2. Bg5 e6 3. e4 c5 4. d5 h6 5. Bxf6 Qxf6 6. Nc3 a6 7. a4 d6 8. g3 Nd7 9. Bh3 Ne5 10. f4 Nc4 11. Nge2 Nxb2 12. Qb1 Nc4 13. Qb3 Na5 14. Qa2 exd5 15. Bxc8 Rxc8 16. Nxd5 Qd8 17. c4 Be7 18. O-O O-O 19. Rab1 Re8 20. Rfd1 Bf8 21. Nec3 g6 22. Nb6 Rc6 23. Ncd5 Bg7 24. Qd2 Nxc4 25. Nxc4 Rxe4 26. Ncb6 c4 27. Qc2 f5 28. a5 c3 29. Rb4 Kh7 30. Rxe4 fxe4 31. Qxe4 c2 32. Rc1 Rc5 33. Rxc2 Rxa5 34. Rc8 1-0


[Site "https://www.chess.com"]

[Event "Titled Tuesday Blitz August 24 2021"]
[White "Quintiliano Pinto, Renato R."]
[Black "Baches Garcia, Guillermo"]
[WhiteFideId "2117568"]
[BlackFideId "2209764"]
[WhiteElo "2439"]
[BlackElo "2471"]
[Result "0-1"]
[Round "05"]
[TimeControl "180+1"]
[Date "2021.08.24"]
[WhiteClock "0:00:03"]
[BlackClock "0:00:08"]

1. e4 c5 2. Nf3 d6 3. d4 cxd4 4. Nxd4 Nf6 5. Nc3 Nc6 6. Bg5 e6 7. Bb5 Bd7 8. Qd3 h6 9. Bxf6 Qxf6 10. Bxc6 bxc6 11. O-O-O Be7 12. Rhf1 Qf4+ 13. Kb1 Qxh2 14. f4 Qh5 15. e5 d5 16. f5 exf5 17. Nxf5 Bxf5 18. Rxf5 Qg6 19. Ne2 O-O 20. Nf4 Qg4 21. Nh3 Rab8 22. Rdf1 Qxg2 23. Rg1 Qe4 24. Qg3 g6 25. Rf3 Rb4 26. Nf2 Qh4 27. Qg2 Rfb8 28. b3 Bg5 29. Rg3 Qf4 30. Nh3 Qxe5 31. Nxg5 hxg5 32. Rxg5 Qf6 33. Rf1 Rf4 34. Rg1 Rf2 35. Qg3 Rf1+ 36. Rxf1 Qxf1+ 37. Kb2 Qf6+ 38. Kb1 Re8 39. Rg4 Kg7 40. a4 Re4 41. Rxe4 dxe4 42. Qe3 Qf3 43. Qd4+ Kh7 44. Qxa7 e3 0-1


[Site "https://www.chess.com"]

[Event "Titled Tuesday Blitz August 24 2021"]
[White "Rahman, Ziaur"]
[Black "Le, Tuan Minh"]
[WhiteFideId "10200037"]
[BlackFideId "12401153"]
[WhiteElo "2460"]
[BlackElo "2450"]
[Result "0-1"]
[Round "05"]
[TimeControl "180+1"]
[Date "2021.08.24"]
[WhiteClock "0:00:02"]
[BlackClock "0:00:17"]

1. d4 d5 2. Nf3 Nf6 3. c4 c6 4. e3 Bf5 5. Nc3 e6 6. Nh4 Be4 7. f3 Bg6 8. Qb3 Qc7 9. Bd2 Be7 10. Nxg6 hxg6 11. O-O-O dxc4 12. Bxc4 b5 13. Be2 a6 14. Kb1 c5 15. dxc5 Nbd7 16. Rc1 Nxc5 17. Qc2 Rc8 18. g3 O-O 19. e4 Rfd8 20. Bf4 Qb7 21. Rhd1 b4 22. Rxd8+ Rxd8 23. Na4 b3 24. axb3 Nxb3 25. Rd1 Nd4 26. Qd3 Qb4 27. Nc3 Nb5 28. Qe3 Rxd1+ 29. Bxd1 Bc5 30. Qd3 Bd4 31. Bd2 Na3+ 32. Ka2 Nc4 33. Bc1 Ne5 34. Qc2 Qa5+ 35. Kb1 Qb6 36. Qb3 Qxb3 37. Bxb3 Nxf3 38. Ne2 Bb6 39. Bc4 a5 40. Kc2 Nxh2 0-1


[Site "https://www.chess.com"]

[Event "Titled Tuesday Blitz August 24 2021"]
[White "Reprintsev, Alexander"]
[Black "Ulko, Jaroslav"]
[WhiteFideId "14100541"]
[BlackFideId "4116658"]
[WhiteElo "2126"]
[BlackElo "2304"]
[Result "0-1"]
[Round "05"]
[TimeControl "180+1"]
[Date "2021.08.24"]
[WhiteClock "0:01:17"]
[BlackClock "0:01:48"]

1. e4 e5 2. f4 exf4 3. Bc4 d6 4. Nc3 c6 5. d4 Qh4+ 6. Kf1 Bg4 7. Nf3 Qf6 8. Qd2 g5 9. h4 h6 10. hxg5 hxg5 11. Rxh8 Qxh8 12. Nxg5 Qh1+ 13. Kf2 Qh4+ 14. Kg1 Qxg5 15. Qxf4 Qxf4 16. Bxf4 Nf6 17. Rf1 Nbd7 18. Bg5 Be7 19. e5 dxe5 20. dxe5 Nxe5 21. Bxf6 Bxf6 22. Rxf6 Nxc4 23. Rf4 Be6 0-1


[Site "https://www.chess.com"]

[Event "Titled Tuesday Blitz August 24 2021"]
[White "Rustemov, Alexander"]
[Black "Aghasiyev, Kamal"]
[WhiteFideId "4119002"]
[BlackFideId "13402854"]
[WhiteElo "2725"]
[BlackElo "2210"]
[Result "0-1"]
[Round "05"]
[TimeControl "180+1"]
[Date "2021.08.24"]
[WhiteClock "0:00:44"]
[BlackClock "0:00:17"]

1. d4 d5 2. c4 e6 3. Nc3 Nf6 4. Bg5 Nbd7 5. e3 Be7 6. Nf3 h6 7. Bh4 O-O 8. Rc1 c5 9. dxc5 dxc4 10. c6 bxc6 11. Bxc4 c5 12. O-O Bb7 13. Qe2 Ne4 14. Bxe7 Qxe7 15. Nxe4 Bxe4 16. Bb5 Nb6 17. Nd2 Bb7 18. Ba6 Rad8 19. Bxb7 Qxb7 20. Rc2 Rd5 21. Rfc1 Rfd8 22. g3 c4 23. f3 Rd3 24. Kf2 Qd5 25. Ne4 Qh5 26. Kg2 Nd5 27. Re1 Nxe3+ 28. Qxe3 Rxe3 29. Rxe3 Rd3 30. Rxd3 cxd3 31. Rd2 Qd5 32. b3 Qd4 33. Nf2 Qc3 34. Rxd3 Qb2 35. a4 f5 36. h4 g5 37. hxg5 hxg5 38. f4 Kg7 39. Re3 gxf4 40. gxf4 Qd4 41. Kf3 Kf6 42. Kg3 Qxe3+ 0-1


[Site "https://www.chess.com"]

[Event "Titled Tuesday Blitz August 24 2021"]
[White "Samani, Yamac"]
[Black "Wagh Suyog"]
[WhiteFideId "6352634"]
[BlackFideId "25071688"]
[WhiteElo "2267"]
[BlackElo "2219"]
[Result "0-1"]
[Round "05"]
[TimeControl "180+1"]
[Date "2021.08.24"]
[WhiteClock "0:00:18"]
[BlackClock "0:01:19"]

1. Nf3 d6 2. g3 g6 3. Bg2 Bg7 4. O-O Nc6 5. d4 Bd7 6. e4 Qc8 7. Re1 h5 8. d5 Ne5 9. Nxe5 Bxe5 10. f4 Bg7 11. e5 Bh3 12. Qf3 h4 13. Nc3 Kf8 14. e6 Bxg2 15. Qxg2 Nh6 16. exf7 hxg3 17. hxg3 Qg4 18. Ne4 Nf5 19. c3 Kxf7 20. Be3 Bf6 21. Bf2 Rh3 22. Nxf6 exf6 23. Qe4 Rf8 24. Qe6+ Kg7 25. Rad1 Qf3 0-1


[Site "https://www.chess.com"]

[Event "Titled Tuesday Blitz August 24 2021"]
[White "Samsonkin, Artiom"]
[Black "Farahat, Ali"]
[WhiteFideId "13503111"]
[BlackFideId "10600507"]
[WhiteElo "2513"]
[BlackElo "2321"]
[Result "1-0"]
[Round "05"]
[TimeControl "180+1"]
[Date "2021.08.24"]
[WhiteClock "0:00:09"]
[BlackClock "0:00:04"]

1. e4 e5 2. Nf3 Nc6 3. d4 exd4 4. Bc4 Nf6 5. e5 d5 6. Bb5 Ne4 7. Nxd4 Bc5 8. Be3 O-O 9. Nxc6 bxc6 10. Bxc5 Nxc5 11. Bxc6 Rb8 12. Qxd5 Qe7 13. O-O Rxb2 14. Nc3 Be6 15. Qf3 Rxc2 16. Qe3 Rd8 17. Rad1 Rxd1 18. Rxd1 h6 19. g3 Bh3 20. Rb1 Bf5 21. Rd1 Bh3 22. Nd5 Qe6 23. Nb4 Rc4 24. Bd5 Qg4 25. f3 Qd7 26. a3 Ne6 27. Qxa7 Qd8 28. Kf2 Rc3 29. a4 Qg5 30. Bxe6 fxe6 31. Qd4 Rb3 32. a5 Qe7 33. Qd8+ Qxd8 34. Rxd8+ Kh7 35. Rb8 Ra3 36. a6 h5 37. Rb7 Bf5 38. a7 Ra4 39. Nc6 Ra2+ 40. Ke3 Ra3+ 41. Kd4 Bh3 42. Rb8 Bf1 43. a8=Q 1-0


[Site "https://www.chess.com"]